 Dungeon Crawl Stone Soup version 0.17-a0-1421-g95311d7 (webtiles) character file.

188 OTRawrior the Magician (level 5, 0/28 HPs)
             Began as a Gargoyle Wizard on June 24, 2015.
             Slain by an orc priest
             ... wielding a cursed +0 mace
              (2 damage)
             ... on level 3 of the Dungeon.
             The game lasted 00:06:36 (2967 turns).

OTRawrior the Magician (Gargoyle Wizard)            Turns: 2967, Time: 00:06:36

Health: 0/28       AC:  7    Str: 11    XL:     5   Next: 67%
Magic:  1/12       EV: 11    Int: 19    God:
Gold:   83         SH:  0    Dex:  8    Spells: 4 memorised, 4 levels left

rFire  . . .     SeeInvis .     p - +0 spear (flame)
rCold  . . .     Clarity  .     a - +0 robe
rNeg   + . .     SustAt   .     (no shield)
rPois  ∞         Gourm    .     b - +0 hat
rElec  +         Spirit   .     f - +0 cloak
rCorr  .         Warding  .     (no gloves)
rMut   .         Stasis   .     (no boots)
MR     .....                    (no amulet)
Stlth  ++........               (no ring)
                                (no ring)

@: not resistant to hostile enchantments, unstealthy
A: negative energy resistance 1, electricity resistance, unbreathing,
petrification resistance, rot immunity, AC +4
a: no special abilities


You were on level 3 of the Dungeon.
You were not hungry.

You visited 1 branch of the dungeon, and saw 3 of its levels.

You collected 83 gold pieces.

Inventory:

Hand weapons
 p - a +0 spear of flaming (weapon)
Armour
 a - a +0 robe (worn)
 b - a +0 hat (worn)
 f - a +0 cloak (worn)
Scrolls
 e - 3 scrolls of magic mapping {unknown}
 g - 3 scrolls of teleportation {unknown}
 j - a scroll of identify {unknown}
 k - a scroll of recharging {unknown}
 l - a scroll of random uselessness {unknown}
 m - a scroll of remove curse {unknown}
 n - 2 scrolls of fog {unknown}
Potions
 i - a potion of ambrosia {unknown}
 o - a potion of berserk rage {unknown}
 q - 2 potions of might {unknown}
Books
 c - a book of Minor Magic

   Spells                             Type                      Level
   a - Magic Dart                     Conjuration                  1
   b - Blink                          Translocation                2
   c - Call Imp                       Summoning                    2
   d - Repel Missiles                 Charms/Air                   2
   e - Slow                           Hexes                        2
   f - Conjure Flame                  Conjuration/Fire             3
   g - Mephitic Cloud                 Conjuration/Poison/Air       3
Comestibles
 d - 2 bread rations
 h - a beef jerky


   Skills:
 - Level 1.5 Dodging
 - Level 2.1 Stealth
 * Level 4.7 Spellcasting
 * Level 4.0 Conjurations
   Level 0.8 Summonings
   Level 0.8 Translocations


You had 4 spell levels left.
You knew the following spells:

 Your Spells              Type           Power        Failure   Level  Hunger
a - Magic Dart            Conj           ###.         2%          1    None
b - Conjure Flame         Conj/Fire      ##......     17%         3    ###....
c - Mephitic Cloud        Conj/Pois/Air  #.......     21%         3    ###....
A - Repel Missiles        Chrm/Air       #.....       21%         2    #......


Dungeon Overview and Level Annotations

Branches:
Dungeon (3/15)

Altars:
Fedhas
Makhleb
The Shining One


Innate Abilities, Weirdness & Mutations

You are resistant to torment.
Your stone body is resilient (AC +4).
You are immune to poison.
You resist negative energy.
You are resistant to electric shocks.
You can survive without breathing.
You are immune to petrification.
You are immune to rotting.


Message History

You barely miss the orc priest.
The orc priest is heavily wounded.
The orc priest hits you with a mace.
* * * LOW HITPOINT WARNING * * *
You hit the orc priest. You burn the orc priest.
The orc priest is severely wounded.
The orc priest closely misses you.
You hit the orc priest but do no damage.
The orc priest is severely wounded.
The orc priest hits you with a mace.
* * * LOW HITPOINT WARNING * * *
Casting: Magic Dart
Confirm with . or Enter, or press ? or * to list all spells.
Aiming: Magic Dart
Press: ? - help, Shift-Dir - straight line, f - orc priest
Aim: an orc priest, wielding a mace and wearing a leather armour (severely wounded)
The magic dart hits the orc priest.
The orc priest is almost dead.
The orc priest hits you with a mace.
You die...

..#.# #.....#
### #.....#
######....##
#......####
##.######
#..#########
#...††......
####....o......
#.......@.......
#.##............
...............
#.##............
# #....$..?....
##...........
............
#############


You could see an orc priest.

Vanquished Creatures
  A hound (D:2)
  An orc priest (D:3)
  Terence (D:3)
  5 adders
  2 worms
  An orc (D:3)
  3 ball pythons
  5 bats
  3 giant cockroaches (D:2)
  10 goblins
  6 hobgoblins
  3 giant newts
  7 kobolds
  4 rats
  A plant (D:1)
53 creatures vanquished.

Vanquished Creatures (others)
  4 toadstools (D:1)
4 creatures vanquished.

Grand Total: 57 creatures vanquished

Notes
Turn   | Place    | Note
--------------------------------------------------------------
     0 | D:1      | OTRawrior the Gargoyle Wizard began the quest for the Orb.
     0 | D:1      | Reached XP level 1. HP: 10/10 MP: 4/4
   379 | D:1      | Reached XP level 2. HP: 1/15 MP: 0/6
   601 | D:1      | Learned a level 2 spell: Repel Missiles
  1036 | D:2      | Reached XP level 3. HP: 10/19 MP: 0/7
  1050 | D:2      | Learned a level 3 spell: Conjure Flame
  1192 | D:2      | Learned a level 3 spell: Mephitic Cloud
  1810 | D:2      | Reached XP level 4. HP: 18/24 MP: 1/9
  1837 | D:2      | Reached skill level 4 in Spellcasting
  2416 | D:2      | Found a blossoming altar of Fedhas.
  2464 | D:2      | Found a burning altar of Makhleb.
  2592 | D:3      | Reached XP level 5. HP: 28/28 MP: 3/11
  2672 | D:3      | Found a glowing golden altar of the Shining One.
  2692 | D:3      | Noticed Terence
  2733 | D:3      | Killed Terence
  2967 | D:3      | Slain by an orc priest

Vault maps used:
D:1:      ldierk_water_garden
D:2:      nicolae_overflow_hidden_temple, first_bread, makhleb_heckhound_becter
D:3:      tso_metal_star, uniq_terence

Action                   |  1- 3 |  4- 6 || total
-------------------------+-------+-------++-------
Melee: Unarmed           |   309 |     7 ||   316
       Spear             |       |    47 ||    47
 Cast: Magic Dart        |    70 |    52 ||   122
       Mephitic Cloud    |       |     3 ||     3
       Conjure Flame     |       |     2 ||     2
  Eat: Chunk             |     3 |     4 ||     7
